 Dungeon Crawl Stone Soup version 0.29.0-4-gdea44cf6ec (webtiles) character file.

Game seed: 5291129239725710246

17133 qw the Brawler (level 12, -1/114 HPs)
             Began as a Troll Cinder Acolyte on Sept 3, 2022.
             Was an Initiate of Ignis.
             Slain by a six-headed hydra (11 damage)
             ... on level 3 of the Lair of Beasts.
             The game lasted 00:06:12 (10349 turns).

qw the Brawler (Troll Cinder Acolyte)              Turns: 10349, Time: 00:06:13

Health: -1/114     AC:  7    Str: 29    XL:     12   Next: 16%
Magic:  12/12      EV: 12    Int: 10    God:    Ignis [......]
Gold:   598        SH: 14    Dex:  5    Spells: 13/13 levels left

rFire   + . .      SeeInvis +     - Unarmed
rCold   . . .      Faith    .   q - +0 kite shield
rNeg    . . .      Spirit   .   a - +0 robe
rPois   .          Reflect  +   (helmet restricted)
rElec   .          Harm     .   c - +2 cloak
rCorr   .          Rampage  .   (gloves unavailable)
Will    .....                   (boots unavailable)
Stlth   +.........              i - amulet of reflection
HPRegen 1.09/turn               p - ring of see invisible
MPRegen 0.13/turn               m - +4 ring of evasion

@: about to teleport
A: large, unfitting armour, claws 3, regeneration 1, shaggy fur 1, tough skin 1
a: Renounce Religion, Rising Flame


You were on level 3 of the Lair of Beasts.
You worshipped Ignis.
Ignis was noncommittal.
You visited 2 branches of the dungeon, and saw 11 of its levels.

You collected 598 gold pieces.


Innate Abilities, Weirdness & Mutations

You are too large for most types of armour.
You have claws for hands.
Your natural rate of healing is unusually fast.
You are covered in fur. (AC +1)
You have tough skin. (AC +1)


   Skills:
 - Level 6.0 Fighting
 - Level 1.0 Throwing
 - Level 1.0 Armour
 - Level 1.3 Dodging
 + Level 10.6 Shields
 - Level 15.0 Unarmed Combat
 - Level 1.0 Spellcasting
 - Level 2.1 Fire Magic


You had 13 spell levels left.
You didn't know any spells.
Your spell library contained the following spells:

 Spells                   Type           Power      Damage    Failure   Level
 Scorch                   Fire           8%         2d5       36%         2

Inventory:

Armour
 a - a +0 robe (worn)
 c - a +2 cloak (worn)
 q - a +0 kite shield (worn)
Jewellery
 d - a ring of protection from cold
 i - an amulet of reflection (around neck)
 m - a +4 ring of evasion (right claw)
 o - a +6 ring of dexterity
 p - a ring of see invisible (left claw)
Scrolls
 b - 3 scrolls of identify
 g - a scroll of enchant weapon
 k - 5 scrolls of teleportation
Potions
 e - 3 potions of curing
 f - 3 potions of haste
 h - 3 potions of mutation

Dungeon Overview and Level Annotations

Branches:
Dungeon (8/15)             Temple (0/1) D:4            Lair (3/5) D:8
 Shoals (0/4) Lair:2        Snake (0/4) Lair:2

Altars:
Ashenzari
Cheibriados
Gozag
Hepliaklqana
Makhleb
Okawaru
Sif Muna
Yredelemnul
The Shining One


Message History

The four-headed hydra bites you.
The four-headed hydra bites you but does no damage.
The four-headed hydra bites you.
The four-headed hydra bites you but does no damage. x3
The four-headed hydra bites you! x2
The four-headed hydra bites you but does no damage.
The four-headed hydra bites you. The four-headed hydra bites you.
The four-headed hydra bites you! The four-headed hydra bites you. x2
The four-headed hydra bites you but does no damage. x2
The four-headed hydra bites you! The four-headed hydra bites you.
The four-headed hydra completely misses you.
The four-headed hydra bites you but does no damage.
The four-headed hydra bites you. The four-headed hydra bites you!
The four-headed hydra bites you! The four-headed hydra bites you.
The four-headed hydra bites you! x2
The four-headed hydra bites you! x2
The four-headed hydra bites you but does no damage. x2
The four-headed hydra bites you but does no damage.
The four-headed hydra bites you. The four-headed hydra bites you!
The four-headed hydra bites you.
You turn to flesh and can move again.
You claw one of the four-headed hydra's heads off!
The three-headed hydra grows two more!
You scratch the five-headed hydra.
The five-headed hydra is lightly wounded.
You block the five-headed hydra's attack. x2
The five-headed hydra bites you. The five-headed hydra bites you!
The five-headed hydra bites you.
You rip one of the five-headed hydra's heads off!
The four-headed hydra grows two more!
You eviscerate the six-headed hydra!!!
The six-headed hydra is heavily wounded.
You block the six-headed hydra's attack. x2
The six-headed hydra bites you! The six-headed hydra barely misses you.
The six-headed hydra bites you! The six-headed hydra barely misses you.
10349 ||| READING 6 scrolls of teleportation.
As you read the scroll of teleportation, it crumbles to dust.
You feel strangely unstable. The six-headed hydra misses you.
The six-headed hydra bites you. The six-headed hydra bites you!
You die...

##...........#.### #......## #..
##...........###.# #......P####P
#............# ### ##.......# ##
...........P## ##......# #
.........#### ### #.....[# ##
##....#### ##..# ###....###.
#P..## #####...## ##....##.P
###...## ##........####.....#...
#....%.# ##.....@D....##....#...P
##.....###............###........
#......#..............##P........
.......................###.......
........................ #.......
........................#.#......
......................#.##......#
....................P## ........
P.................. ........


You could see a six-headed hydra.

Vanquished Creatures
  3 hydras
  A black mamba (Lair:1)
  Joseph (D:8)
  6 cane toads
  6 komodo dragons
  A polar bear (Lair:1)
  8 blink frogs
  2 dream sheep (D:7)
  2 wyverns
  5 basilisks
  16 yaks
  A steam dragon (D:8)
  A naga (Lair:2)
  8 water moccasins
  A sky beast (D:6)
  2 ice beasts (D:6)
  An orc warrior (D:6)
  3 black bears
  2 ogres
  3 centaurs
  6 wolves (Lair:3)
  2 kobold brigands (D:8)
  A phantom (D:4)
  15 bullfrogs
  A gnoll sergeant (D:7)
  3 scorpions
  14 wights
  10 killer bees
  4 hounds
  3 orc priests
  4 iguanas
  2 gnoll boudas
  5 orc wizards
  6 hell rats (Lair:1)
  A mummy (D:6)
  10 adders
  10 gnolls
  11 river rats (Lair:1)
  A shadow imp (D:8)
  2 white imps
  2 worms
  2 dart slugs (D:1)
  28 orcs
  5 ball pythons
  8 endoplasms
  3 giant cockroaches
  7 goblins
  3 hobgoblins
  A jackal (D:3)
  11 kobolds
  9 quokkas
  2 frilled lizards
  A goblin zombie (D:6)
  A hobgoblin zombie (D:6)
  19 rats
286 creatures vanquished.

Vanquished Creatures (others)
  41 fungi
  52 plants
93 creatures vanquished.

Grand Total: 379 creatures vanquished

Notes
Turn   | Place    | Note
-------+----------+-------------------------------------------
     0 | D:1      | qw the Troll Cinder Acolyte began the quest for the Orb.
     0 | D:1      | Reached XP level 1. HP: 22/22 MP: 1/1
     0 | D:1      | 0 ||| qw: Version: 0.1-a-102-g441f92d
     0 | D:1      | 0 ||| qw: Game counter: 5107
     0 | D:1      | 0 ||| qw: Always use a shield: true
     0 | D:1      | 0 ||| qw: God list: Okawaru
     0 | D:1      | 0 ||| qw: Allow faded altars: false
     0 | D:1      | 0 ||| qw: Do Orc after D:15 true
     0 | D:1      | 0 ||| qw: Do second Lair branch before Depths: true
     0 | D:1      | 0 ||| qw: Lair rune preference: random
     0 | D:1      | 0 ||| qw: Plans: Normal
     0 | D:1      | 0 ||| PLANNING D:1-11
   229 | D:1      | Found a faded altar of an unknown god.
   290 | D:1      | 290 ||| Stepping ~*~*~tactically~*~*~ (stealth).
   304 | D:1      | Reached XP level 2. HP: 29/29 MP: 2/2
   506 | D:1      | Reached skill level 4 in Unarmed Combat
   635 | D:1      | 635 ||| READING scroll labelled UMITOG KOORAUF.
   636 | D:1      | 636 ||| READING scroll labelled DOTHEP TIKICS.
   637 | D:1      | 637 ||| READING scroll labelled ELUOP RAEROU.
   638 | D:1      | 638 ||| READING 4 scrolls labelled OKALYN INKY.
   668 | D:2      | 668 ||| STAIRDANCE
   714 | D:2      | Reached XP level 3. HP: 30/36 MP: 3/3
  1076 | D:2      | 1076 ||| INVOKING Fiery Armour.
  1086 | D:2      | Reached skill level 5 in Unarmed Combat
  1086 | D:2      | Reached XP level 4. HP: 37/44 MP: 4/4
  1154 | D:2      | 1154 ||| UPGRADING to +0 cloak.
  1159 | D:2      | 1159 ||| UPGRADING to +6 ring of dexterity.
  1160 | D:2      | 1160 ||| READING scroll labelled ZIAXZI IVIRAYRCH.
  1163 | D:2      | 1163 ||| READING scroll labelled VEGYODDADGH.
  1264 | D:2      | 1264 ||| READING 3 scrolls of identify.
  1264 | D:2      | 1264 ||| IDENTIFYING bubbling sapphire potion
  1265 | D:2      | 1265 ||| READING 2 scrolls of identify.
  1265 | D:2      | 1265 ||| IDENTIFYING golden potion
  1319 | D:3      | Found a faded altar of an unknown god.
  1320 | D:3      | Found a hazy altar of Hepliaklqana.
  1336 | D:3      | Reached skill level 1 in Dodging
  1455 | D:3      | 1455 ||| Stepping ~*~*~tactically~*~*~ (stealth).
  1459 | D:3      | Identified the +4 mace "Iteaxz Juvy" {flame, Drain rPois
                  | rC+ Stlth+}
  1466 | D:3      | 1466 ||| Stepping ~*~*~tactically~*~*~ (stealth).
  1468 | D:3      | 1468 ||| Stepping ~*~*~tactically~*~*~ (stealth).
  1476 | D:3      | Reached XP level 5. HP: 29/50 MP: 5/5
  1508 | D:3      | 1508 ||| Stepping ~*~*~tactically~*~*~ (stealth).
  1511 | D:3      | 1511 ||| Stepping ~*~*~tactically~*~*~ (stealth).
  1559 | D:3      | 1559 ||| READING scroll of enchant armour.
  1559 | D:3      | 1559 ||| ENCHANTING +0 cloak.
  1577 | D:3      | Found an opulent altar of Gozag.
  2000 | D:3      | 2000 ||| UPGRADING to amulet of reflection.
  2005 | D:3      | 2005 ||| UPGRADING to +4 ring of evasion.
  2006 | D:3      | 2006 ||| READING scroll labelled APPUAL ZEGITTO.
  2080 | D:4      | Found a staircase to the Ecumenical Temple.
  2133 | D:4      | 2133 ||| Stepping ~*~*~tactically~*~*~ (stealth).
  2141 | D:4      | 2141 ||| Stepping ~*~*~tactically~*~*~ (hiding).
  2142 | D:4      | 2142 ||| Stepping ~*~*~tactically~*~*~ (hiding).
  2144 | D:4      | Found a basalt altar of Yredelemnul.
  2146 | D:4      | 2146 ||| Stepping ~*~*~tactically~*~*~ (outnumbered).
  2153 | D:4      | Reached skill level 6 in Unarmed Combat
  2161 | D:4      | Noticed a phantom
  2167 | D:4      | 2167 ||| Stepping ~*~*~tactically~*~*~ (outnumbered).
  2168 | D:4      | 2168 ||| Stepping ~*~*~tactically~*~*~ (outnumbered).
  2169 | D:4      | 2169 ||| Stepping ~*~*~tactically~*~*~ (outnumbered).
  2170 | D:4      | 2170 ||| Stepping ~*~*~tactically~*~*~ (outnumbered).
  2174 | D:4      | 2174 ||| Stepping ~*~*~tactically~*~*~ (outnumbered).
  2175 | D:4      | 2175 ||| Stepping ~*~*~tactically~*~*~ (outnumbered).
  2191 | D:4      | Killed a phantom
  2192 | D:4      | Reached XP level 6. HP: 57/59 MP: 6/6
  2199 | D:4      | 2199 ||| Stepping ~*~*~tactically~*~*~ (stealth).
  2201 | D:4      | 2201 ||| Stepping ~*~*~tactically~*~*~ (stealth).
  2202 | D:4      | 2202 ||| Stepping ~*~*~tactically~*~*~ (stealth).
  2212 | D:4      | 2212 ||| Stepping ~*~*~tactically~*~*~ (stealth).
  2215 | D:4      | 2215 ||| Stepping ~*~*~tactically~*~*~ (stealth).
  2216 | D:4      | 2216 ||| Stepping ~*~*~tactically~*~*~ (stealth).
  2218 | D:4      | 2218 ||| Stepping ~*~*~tactically~*~*~ (stealth).
  2219 | D:4      | 2219 ||| Stepping ~*~*~tactically~*~*~ (hiding).
  2401 | D:4      | Found a broken altar of Ashenzari.
  2458 | D:4      | Found a burning altar of Makhleb.
  2465 | D:4      | Reached skill level 7 in Unarmed Combat
  2493 | D:4      | 2493 ||| Stepping ~*~*~tactically~*~*~ (stealth).
  2494 | D:4      | 2494 ||| Stepping ~*~*~tactically~*~*~ (stealth).
  2733 | D:4      | 2733 ||| UPGRADING to ring of protection from cold.
  2735 | D:4      | 2735 ||| READING 2 scrolls of identify.
  2735 | D:4      | 2735 ||| IDENTIFYING bubbling red potion
  2736 | D:4      | 2736 ||| DROPPING potion of attraction.
  2760 | D:5      | Entered Level 5 of the Dungeon
  2761 | D:5      | 2761 ||| PLANNING SEWER
  2918 | D:5      | Found a glowing golden altar of the Shining One.
  3071 | D:5      | Reached XP level 7. HP: 57/66 MP: 7/7
  3158 | D:5      | Reached skill level 8 in Unarmed Combat
  3400 | D:5      | 3400 ||| RIP SEWER
  3433 | D:5      | 3433 ||| PLANNING D:1-11
  3555 | D:5      | 3555 ||| UPGRADING to +0 kite shield.
  3560 | D:5      | 3560 ||| UPGRADING to ring of see invisible.
  3562 | D:5      | 3562 ||| READING scroll labelled LOSACZ XEEMU.
  3563 | D:5      | 3563 ||| READING scroll labelled XIDEOT ISARE.
  3564 | D:5      | 3564 ||| DRINKING 2 fuming coppery potions.
  3565 | D:5      | 3565 ||| READING 3 scrolls of identify.
  3565 | D:5      | 3565 ||| IDENTIFYING white potion
  3566 | D:5      | 3566 ||| READING 2 scrolls of identify.
  3566 | D:5      | 3566 ||| IDENTIFYING inky potion
  3567 | D:5      | 3567 ||| DROPPING potion of brilliance.
  3599 | D:6      | 3599 ||| PLANNING OSSUARY
  3618 | D:6      | Reached skill level 1 in Shields
  3627 | D:6      | 3627 ||| FLEEEEING.
  3628 | D:6      | 3628 ||| FLEEEEING.
  3629 | D:6      | 3629 ||| FLEEEEING.
  3630 | D:6      | 3630 ||| FLEEEEING.
  3631 | D:6      | 3631 ||| FLEEEEING.
  3632 | D:6      | 3632 ||| FLEEEEING.
  3633 | D:6      | 3633 ||| FLEEEEING.
  3637 | D:6      | 3637 ||| Stepping ~*~*~tactically~*~*~ (outnumbered).
  3639 | D:6      | 3639 ||| Stepping ~*~*~tactically~*~*~ (outnumbered).
  3648 | D:6      | Reached skill level 3 in Shields
  3715 | D:6      | Found a snail-covered altar of Cheibriados.
  3729 | D:6      | 3729 ||| Stepping ~*~*~tactically~*~*~ (stealth).
  3735 | D:6      | Reached XP level 8. HP: 74/74 MP: 8/8
  3848 | D:6      | 3848 ||| Stepping ~*~*~tactically~*~*~ (hiding).
  3964 | D:6      | Found an iron altar of Okawaru.
  3964 | D:6      | Found a shimmering blue altar of Sif Muna.
  4010 | D:6      | 4010 ||| Stepping ~*~*~tactically~*~*~ (stealth).
  4013 | D:6      | 4013 ||| Stepping ~*~*~tactically~*~*~ (stealth).
  4016 | D:6      | 4016 ||| Stepping ~*~*~tactically~*~*~ (stealth).
  4242 | D:6      | 4242 ||| RIP OSSUARY
  4246 | D:6      | 4246 ||| PLANNING D:1-11
  4570 | D:6      | 4570 ||| DROPPING scarf of harm.
  4571 | D:6      | 4571 ||| READING scroll labelled QACKUVISYI.
  4629 | D:7      | 4629 ||| Stepping ~*~*~tactically~*~*~ (outnumbered).
  4630 | D:7      | 4630 ||| Stepping ~*~*~tactically~*~*~ (outnumbered).
  4631 | D:7      | 4631 ||| Stepping ~*~*~tactically~*~*~ (outnumbered).
  4632 | D:7      | 4632 ||| INVOKING Fiery Armour.
  4633 | D:7      | 4633 ||| Stepping ~*~*~tactically~*~*~ (outnumbered).
  4634 | D:7      | 4634 ||| Stepping ~*~*~tactically~*~*~ (outnumbered).
  4635 | D:7      | 4635 ||| Stepping ~*~*~tactically~*~*~ (outnumbered).
  4636 | D:7      | 4636 ||| Stepping ~*~*~tactically~*~*~ (outnumbered).
  4637 | D:7      | 4637 ||| Stepping ~*~*~tactically~*~*~ (outnumbered).
  4638 | D:7      | 4638 ||| Stepping ~*~*~tactically~*~*~ (outnumbered).
  4639 | D:7      | 4639 ||| Stepping ~*~*~tactically~*~*~ (outnumbered).
  4640 | D:7      | 4640 ||| Stepping ~*~*~tactically~*~*~ (outnumbered).
  4641 | D:7      | 4641 ||| Stepping ~*~*~tactically~*~*~ (outnumbered).
  4644 | D:7      | 4644 ||| Stepping ~*~*~tactically~*~*~ (outnumbered).
  4645 | D:7      | 4645 ||| Stepping ~*~*~tactically~*~*~ (outnumbered).
  4646 | D:7      | 4646 ||| Stepping ~*~*~tactically~*~*~ (outnumbered).
  4648 | D:7      | 4648 ||| Stepping ~*~*~tactically~*~*~ (outnumbered).
  4649 | D:7      | 4649 ||| Stepping ~*~*~tactically~*~*~ (outnumbered).
  4656 | D:7      | Reached skill level 6 in Shields
  4657 | D:7      | Reached skill level 3 in Fighting
  4663 | D:7      | HP: 16/75 [wight/+5 flail (7)]
  4664 | D:7      | 4664 ||| READING 7 scrolls of teleportation.
  4664 | D:7      | HP: 7/75 [wight/+5 flail (10)]
  4665 | D:7      | 4665 ||| DRINKING potion of heal wounds.
  4667 | D:7      | 4667 ||| Stepping ~*~*~tactically~*~*~ (hiding).
  4668 | D:7      | 4668 ||| Stepping ~*~*~tactically~*~*~ (outnumbered).
  4673 | D:7      | 4673 ||| Stepping ~*~*~tactically~*~*~ (outnumbered).
  4673 | D:7      | HP: 16/75 [killer bee (6)]
  4674 | D:7      | 4674 ||| READING 6 scrolls of teleportation.
  4675 | D:7      | 4675 ||| Stepping ~*~*~tactically~*~*~ (outnumbered).
  4676 | D:7      | 4676 ||| Stepping ~*~*~tactically~*~*~ (outnumbered).
  4677 | D:7      | 4677 ||| FLEEEEING.
  4678 | D:7      | 4678 ||| FLEEEEING.
  4678 | D:7      | HP: 10/75 [poisoned by a killer bee]
  4679 | D:7      | 4679 ||| FLEEEEING.
  4680 | D:7      | 4680 ||| FLEEEEING.
  4682 | D:7      | 4682 ||| FLEEEEING.
  4683 | D:7      | 4683 ||| FLEEEEING.
  4684 | D:7      | 4684 ||| FLEEEEING.
  4685 | D:7      | 4685 ||| STAIRDANCE
  4747 | D:7      | 4747 ||| STAIRDANCE
  4757 | D:6      | Reached skill level 9 in Unarmed Combat
  4759 | D:7      | 4759 ||| STAIRDANCE
  4766 | D:7      | 4766 ||| STAIRDANCE
  4771 | D:6      | Reached skill level 1 in Throwing
  4776 | D:7      | 4776 ||| STAIRDANCE
  4783 | D:6      | Reached XP level 9. HP: 45/81 MP: 9/9
  4820 | D:7      | 4820 ||| STAIRDANCE
  4832 | D:7      | 4832 ||| STAIRDANCE
  4844 | D:7      | 4844 ||| STAIRDANCE
  4856 | D:7      | 4856 ||| STAIRDANCE
  4895 | D:7      | 4895 ||| FLEEEEING.
  4896 | D:7      | 4896 ||| FLEEEEING.
  4897 | D:7      | 4897 ||| FLEEEEING.
  4898 | D:7      | 4898 ||| STAIRDANCE
  4999 | D:7      | 4999 ||| FLEEEEING.
  5000 | D:7      | 5000 ||| FLEEEEING.
  5001 | D:7      | 5001 ||| FLEEEEING.
  5002 | D:7      | 5002 ||| STAIRDANCE
  5104 | D:6      | 5104 ||| READING scroll labelled PUEXTI SAZYNI.
  5114 | D:7      | 5114 ||| Stepping ~*~*~tactically~*~*~ (outnumbered).
  5115 | D:7      | 5115 ||| Stepping ~*~*~tactically~*~*~ (outnumbered).
  5117 | D:7      | 5117 ||| Stepping ~*~*~tactically~*~*~ (outnumbered).
  5118 | D:7      | 5118 ||| Stepping ~*~*~tactically~*~*~ (outnumbered).
  5122 | D:7      | 5122 ||| Stepping ~*~*~tactically~*~*~ (outnumbered).
  5124 | D:7      | Reached skill level 10 in Unarmed Combat
  5125 | D:7      | 5125 ||| INVOKING Fiery Armour.
  5578 | D:8      | 5578 ||| Stepping ~*~*~tactically~*~*~ (stealth).
  5590 | D:8      | 5590 ||| Stepping ~*~*~tactically~*~*~ (stealth).
  5667 | D:8      | 5667 ||| Stepping ~*~*~tactically~*~*~ (outnumbered).
  5668 | D:8      | 5668 ||| Stepping ~*~*~tactically~*~*~ (outnumbered).
  5669 | D:8      | 5669 ||| Stepping ~*~*~tactically~*~*~ (outnumbered).
  5670 | D:8      | 5670 ||| Stepping ~*~*~tactically~*~*~ (outnumbered).
  5671 | D:8      | 5671 ||| Stepping ~*~*~tactically~*~*~ (outnumbered).
  5672 | D:8      | 5672 ||| Stepping ~*~*~tactically~*~*~ (outnumbered).
  5673 | D:8      | 5673 ||| Stepping ~*~*~tactically~*~*~ (outnumbered).
  5674 | D:8      | 5674 ||| Stepping ~*~*~tactically~*~*~ (outnumbered).
  5681 | D:8      | Reached XP level 10. HP: 53/92 MP: 10/10
  5926 | D:8      | Reached skill level 11 in Unarmed Combat
  6004 | D:8      | 6004 ||| Stepping ~*~*~tactically~*~*~ (stealth).
  6007 | D:8      | Found a staircase to the Lair.
  6068 | D:8      | Noticed Joseph
  6069 | D:8      | 6069 ||| Stepping ~*~*~tactically~*~*~ (hiding).
  6084 | D:8      | 6084 ||| INVOKING Fiery Armour.
  6086 | D:8      | Killed Joseph
  6110 | D:8      | 6110 ||| Stepping ~*~*~tactically~*~*~ (stealth).
  6111 | D:8      | 6111 ||| Stepping ~*~*~tactically~*~*~ (stealth).
  6142 | D:8      | 6142 ||| Stepping ~*~*~tactically~*~*~ (stealth).
  6152 | D:8      | Reached skill level 9 in Shields
  6564 | D:8      | 6564 ||| PLANNING LAIR
  6564 | D:8      | 6564 ||| READING scroll labelled ZYUKICZ VI ROL.
  6565 | D:8      | 6565 ||| READING scroll labelled WIAPINNU JELU.
  6566 | D:8      | 6566 ||| READING 3 scrolls of identify.
  6566 | D:8      | 6566 ||| IDENTIFYING purple potion
  6567 | D:8      | 6567 ||| READING 2 scrolls of identify.
  6567 | D:8      | 6567 ||| IDENTIFYING viscous blue potion
  6568 | D:8      | 6568 ||| DROPPING potion of lignification.
  6569 | D:8      | 6569 ||| DROPPING potion of flight.
  6608 | Lair:1   | Entered Level 1 of the Lair of Beasts
  6645 | Lair:1   | Noticed a cane toad
  6646 | Lair:1   | 6646 ||| INVOKING Fiery Armour.
  6657 | Lair:1   | Killed a cane toad
  6739 | Lair:1   | Reached skill level 12 in Unarmed Combat
  6749 | Lair:1   | 6749 ||| Stepping ~*~*~tactically~*~*~ (stealth).
  6760 | Lair:1   | 6760 ||| Stepping ~*~*~tactically~*~*~ (stealth).
  6763 | Lair:1   | 6763 ||| Stepping ~*~*~tactically~*~*~ (outnumbered).
  6764 | Lair:1   | 6764 ||| Stepping ~*~*~tactically~*~*~ (outnumbered).
  6765 | Lair:1   | 6765 ||| Stepping ~*~*~tactically~*~*~ (outnumbered).
  6766 | Lair:1   | 6766 ||| Stepping ~*~*~tactically~*~*~ (outnumbered).
  6767 | Lair:1   | 6767 ||| Stepping ~*~*~tactically~*~*~ (outnumbered).
  6768 | Lair:1   | 6768 ||| Stepping ~*~*~tactically~*~*~ (outnumbered).
  6771 | Lair:1   | 6771 ||| Stepping ~*~*~tactically~*~*~ (outnumbered).
  6772 | Lair:1   | 6772 ||| Stepping ~*~*~tactically~*~*~ (outnumbered).
  6818 | Lair:1   | Noticed a black mamba
  6836 | Lair:1   | 6836 ||| INVOKING Fiery Armour.
  6837 | Lair:1   | Killed a black mamba
  6906 | Lair:1   | 6906 ||| Stepping ~*~*~tactically~*~*~ (stealth).
  6908 | Lair:1   | 6908 ||| Stepping ~*~*~tactically~*~*~ (stealth).
  6909 | Lair:1   | 6909 ||| Stepping ~*~*~tactically~*~*~ (stealth).
  6910 | Lair:1   | 6910 ||| Stepping ~*~*~tactically~*~*~ (stealth).
  6911 | Lair:1   | 6911 ||| Stepping ~*~*~tactically~*~*~ (stealth).
  6912 | Lair:1   | 6912 ||| Stepping ~*~*~tactically~*~*~ (stealth).
  6915 | Lair:1   | 6915 ||| Stepping ~*~*~tactically~*~*~ (stealth).
  6935 | Lair:1   | Noticed a cane toad
  6942 | Lair:1   | Killed a cane toad
  7075 | Lair:1   | 7075 ||| Stepping ~*~*~tactically~*~*~ (stealth).
  7083 | Lair:1   | 7083 ||| Stepping ~*~*~tactically~*~*~ (outnumbered).
  7084 | Lair:1   | 7084 ||| Stepping ~*~*~tactically~*~*~ (outnumbered).
  7085 | Lair:1   | 7085 ||| Stepping ~*~*~tactically~*~*~ (outnumbered).
  7086 | Lair:1   | 7086 ||| Stepping ~*~*~tactically~*~*~ (outnumbered).
  7087 | Lair:1   | 7087 ||| INVOKING Fiery Armour.
  7090 | Lair:1   | Reached XP level 11. HP: 81/102 MP: 11/11
  7097 | Lair:1   | Reached skill level 13 in Unarmed Combat
  7100 | Lair:1   | Reached skill level 1 in Armour
  7220 | Lair:1   | 7220 ||| INVOKING Fiery Armour.
  7439 | Lair:1   | Noticed an eight-headed hydra
  7439 | Lair:1   | 7439 ||| Stepping ~*~*~tactically~*~*~ (stealth).
  7441 | Lair:1   | 7441 ||| INVOKING Fiery Armour.
  7444 | Lair:1   | 7444 ||| Stepping ~*~*~tactically~*~*~ (stealth).
  7448 | Lair:1   | Killed a ten-headed hydra
  7453 | Lair:1   | 7453 ||| Stepping ~*~*~tactically~*~*~ (stealth).
  7478 | Lair:1   | 7478 ||| Stepping ~*~*~tactically~*~*~ (stealth).
  7483 | Lair:1   | 7483 ||| Stepping ~*~*~tactically~*~*~ (stealth).
  7505 | Lair:1   | 7505 ||| Stepping ~*~*~tactically~*~*~ (stealth).
  7507 | Lair:1   | 7507 ||| Stepping ~*~*~tactically~*~*~ (stealth).
  7521 | Lair:1   | 7521 ||| Stepping ~*~*~tactically~*~*~ (stealth).
  7532 | Lair:1   | 7532 ||| Stepping ~*~*~tactically~*~*~ (stealth).
  7536 | Lair:1   | 7536 ||| Stepping ~*~*~tactically~*~*~ (stealth).
  7544 | Lair:1   | Noticed a four-headed hydra
  7558 | Lair:1   | Killed an eight-headed hydra
  7559 | Lair:1   | 7559 ||| Stepping ~*~*~tactically~*~*~ (stealth).
  7563 | Lair:1   | 7563 ||| Stepping ~*~*~tactically~*~*~ (stealth).
  7617 | Lair:1   | 7617 ||| Stepping ~*~*~tactically~*~*~ (outnumbered).
  7682 | Lair:1   | 7682 ||| Stepping ~*~*~tactically~*~*~ (stealth).
  7741 | Lair:1   | 7741 ||| INVOKING Fiery Armour.
  7886 | Lair:1   | Reached skill level 14 in Unarmed Combat
  8424 | Lair:1   | 8424 ||| DROPPING ring of wizardry.
  8439 | Lair:2   | 8439 ||| PLANNING GAUNTLET
  8465 | Lair:2   | Found a staircase to the Shoals.
  8488 | Lair:2   | 8488 ||| Stepping ~*~*~tactically~*~*~ (hiding).
  8647 | Lair:2   | Reached skill level 6 in Fighting
  8681 | Lair:2   | Found a staircase to the Snake Pit.
  8824 | Lair:2   | 8824 ||| Stepping ~*~*~tactically~*~*~ (stealth).
  8832 | Lair:2   | 8832 ||| Stepping ~*~*~tactically~*~*~ (outnumbered).
  8833 | Lair:2   | 8833 ||| Stepping ~*~*~tactically~*~*~ (outnumbered).
  8834 | Lair:2   | 8834 ||| Stepping ~*~*~tactically~*~*~ (outnumbered).
  8835 | Lair:2   | 8835 ||| Stepping ~*~*~tactically~*~*~ (outnumbered).
  8836 | Lair:2   | 8836 ||| Stepping ~*~*~tactically~*~*~ (outnumbered).
  8837 | Lair:2   | 8837 ||| Stepping ~*~*~tactically~*~*~ (outnumbered).
  8838 | Lair:2   | 8838 ||| Stepping ~*~*~tactically~*~*~ (outnumbered).
  8839 | Lair:2   | 8839 ||| Stepping ~*~*~tactically~*~*~ (outnumbered).
  8840 | Lair:2   | 8840 ||| Stepping ~*~*~tactically~*~*~ (outnumbered).
  8841 | Lair:2   | 8841 ||| Stepping ~*~*~tactically~*~*~ (outnumbered).
  8842 | Lair:2   | 8842 ||| STAIRDANCE
  8844 | Lair:1   | 8844 ||| Stepping ~*~*~tactically~*~*~ (outnumbered).
  8845 | Lair:1   | 8845 ||| Stepping ~*~*~tactically~*~*~ (outnumbered).
  8847 | Lair:1   | 8847 ||| Stepping ~*~*~tactically~*~*~ (outnumbered).
  8848 | Lair:1   | 8848 ||| Stepping ~*~*~tactically~*~*~ (outnumbered).
  8849 | Lair:1   | 8849 ||| Stepping ~*~*~tactically~*~*~ (outnumbered).
  8850 | Lair:1   | 8850 ||| Stepping ~*~*~tactically~*~*~ (outnumbered).
  8859 | Lair:1   | 8859 ||| READING 3 scrolls of identify.
  8859 | Lair:1   | 8859 ||| IDENTIFYING yellow potion
  8860 | Lair:1   | 8860 ||| READING 2 scrolls of identify.
  8860 | Lair:1   | 8860 ||| IDENTIFYING metallic puce potion
  8861 | Lair:1   | 8861 ||| DROPPING potion of berserk rage.
  8862 | Lair:1   | 8862 ||| DROPPING potion of degeneration.
  9007 | Lair:2   | 9007 ||| RIP GAUNTLET
  9057 | Lair:2   | 9057 ||| PLANNING LAIR
  9129 | Lair:2   | 9129 ||| READING scroll of enchant armour.
  9129 | Lair:2   | 9129 ||| ENCHANTING +1 cloak.
  9243 | Lair:2   | 9243 ||| Stepping ~*~*~tactically~*~*~ (stealth).
  9244 | Lair:2   | 9244 ||| Stepping ~*~*~tactically~*~*~ (stealth).
  9245 | Lair:2   | 9245 ||| Stepping ~*~*~tactically~*~*~ (stealth).
  9584 | Lair:3   | 9584 ||| Stepping ~*~*~tactically~*~*~ (stealth).
  9585 | Lair:3   | 9585 ||| Stepping ~*~*~tactically~*~*~ (stealth).
  9589 | Lair:3   | 9589 ||| Stepping ~*~*~tactically~*~*~ (stealth).
  9591 | Lair:3   | 9591 ||| Stepping ~*~*~tactically~*~*~ (stealth).
  9593 | Lair:3   | 9593 ||| INVOKING Fiery Armour.
  9594 | Lair:3   | 9594 ||| Stepping ~*~*~tactically~*~*~ (stealth).
  9687 | Lair:3   | Reached XP level 12. HP: 114/114 MP: 12/12
  9692 | Lair:3   | Reached skill level 15 in Unarmed Combat
  9841 | Lair:3   | Noticed a seven-headed hydra
  9842 | Lair:3   | 9842 ||| INVOKING Fiery Armour.
  9851 | Lair:3   | Killed an 11-headed hydra
  9989 | Lair:3   | 9989 ||| PLANNING CONVERSION TO OKAWARU
 10103 | D:6      | 10103 ||| PLANNING D:1-11
 10144 | D:5      | 10144 ||| READING 7 scrolls of teleportation.
 10145 | D:5      | 10145 ||| PLANNING LAIR
 10258 | Lair:3   | 10258 ||| Stepping ~*~*~tactically~*~*~ (stealth).
 10333 | Lair:3   | Noticed a four-headed hydra
 10348 | Lair:3   | HP: 26/114 [six-headed hydra (13)]
 10349 | Lair:3   | 10349 ||| READING 6 scrolls of teleportation.
 10349 | Lair:3   | HP: 10/114 [six-headed hydra (5)]
 10349 | Lair:3   | Slain by a six-headed hydra

Levels and vault maps discovered:
D:1:      dpeg_arrival_line_fractal, layout_loops_ring,
          shapermc_ecumenical_altar_ellora, minmay_misc_feat_cross,
          minmay_misc_feat_square
D:2:      layout_rooms
D:3:      layout_basic, nicolae_gozag_seed_capital,
          beargit_hepliaklqana_dungeon_heroes, wad_floor_pattern_untrapped,
          minmay_cupped
D:4:      layout_cave_pools, ashenzari_altar_1, makhleb_heckhound_becter,
          lemuel_crystal_altar, minmay_temple_entry_gardened_gates,
          minmay_liquid_box
D:5:      layout_cave_pods, tso_oasis_becter, portal_sewer_entry_d
D:6:      layout_loops_corners, cheibriados_altar_1,
          gammafunk_temple_overflow_elements, nicolae_ossuary_entry_giza
D:7:      layout_rooms, dreamdust_gnoll_shepherd
D:8:      layout_cave_pods, due_lair_maze_entry_diamond, uniq_joseph
Lair:1:   lemuel_ratsnest, layout_layer_cave, grunt_megastairs_2,
          lemuel_fruit_fields
Lair:2:   layout_cave_pods, minmay_shoals_entry_centaurs,
          guppyfry_snake_entry_garden, gauntlet_entry_generic,
          columned_hall_lemuel
Lair:3:   layout_cave_pods, ebering_ghost_funeral_grove, lemuel_fruit_fields

Skill      XL: |  1  2  3  4  5  6  7  8  9 10 11 12 |
---------------+-------------------------------------+-----
Unarmed Combat | 4 5 6 7 8 9 10 12 14 15 | 15.0
Dodging        | 1 |  1.3
Shields        | 3 6 8 9 10 | 10.6
Fighting       | 3 4 5 6 |  6.0
Throwing       | 1 |  1.0
Armour         | 1 |  1.0
Spellcasting   | |  1.0
Fire Magic     | |  2.1

Action                   |  1- 3 |  4- 6 |  7- 9 | 10-12 || total
-------------------------+-------+-------+-------+-------++-------
Melee: Unarmed           |    68 |   134 |   227 |   425 ||   854
       Punch             |     2 |     6 |       |       ||     8
Throw: Boomerang         |       |    30 |    35 |       ||    65
Invok: Fiery Armour      |     1 |       |     2 |     9 ||    12
  Use: Scroll            |     4 |     7 |     8 |     9 ||    28
       Potion            |       |       |     2 |       ||     2
Armor: Robe              |    12 |    19 |    53 |    79 ||   163
Dodge: Dodged            |    20 |    51 |   111 |   127 ||   309
Block: Other             |       |     8 |     1 |       ||     9
       Kite shield       |       |       |   169 |   211 ||   380
       Reflection        |       |       |     7 |     6 ||    13

Table legend:
 A = Non-vault XP
 B = Vault XP
 C = Vault XP percentage of total XP
 D = Non-vault monster count
 E = Vault monster count
 F = Vault count percentage of total count
                 A         B        C        D         E       F
            +---------+---------+-------+---------+---------+-------
      Total |   17798 |    6678 |  27.3 |     214 |      72 |  25.2
            +---------+---------+-------+---------+---------+-------
        D:1 |      31 |       0 |   0.0 |      16 |       0 |   0.0
        D:2 |      93 |       0 |   0.0 |      16 |       0 |   0.0
        D:3 |      60 |      91 |  60.3 |      14 |       5 |  26.3
        D:4 |     334 |      43 |  11.4 |      26 |       1 |   3.7
        D:5 |     307 |      13 |   4.1 |      10 |       1 |   9.1
        D:6 |    1559 |      23 |   1.5 |      35 |       3 |   7.9
        D:7 |    1159 |     560 |  32.6 |      18 |       3 |  14.3
        D:8 |     936 |    1827 |  66.1 |      22 |      12 |  35.3
     Lair:1 |    7266 |    3727 |  33.9 |      28 |      44 |  61.1
     Lair:2 |    1626 |     394 |  19.5 |       9 |       3 |  25.0
     Lair:3 |    4427 |       0 |   0.0 |      20 |       0 |   0.0
            +---------+---------+-------+---------+---------+-------
